 Dungeon Crawl Stone Soup version 0.31-a0-920-g28cbb04a8c (webtiles) character file.

Game seed: 13816164819064582573

737 Ekaitz the Digger (level 7, -4/45 HPs)
             Began as an Octopode Earth Elementalist on Oct 18, 2023.
             Killed from afar by an orc wizard (8 damage)
             ... with a magic dart
             ... on level 5 of the Dungeon.
             The game lasted 00:10:37 (4202 turns).

Ekaitz the Digger (Octopode Earth Elementalist)     Turns: 4202, Time: 00:10:37

Health: -4/45      AC:  1    Str:  7    XL:     7   Next: 74%
Magic:  0/20       EV: 14    Int: 17    God:
Gold:   124        SH:  0    Dex: 15    Spells: 2/12 levels left

rFire   . . .        e - +0 dagger (venom)
rCold   . . .        (no shield)
rNeg    . . .        (helmet restricted)
rPois   .            o - amulet of the acrobat
rElec   .            h - ring of magical power
rCorr   .            w - ring of willpower
SInv    .            (no ring)
Will    +....        (no ring)
Stlth   ++++         (no ring)
HPRegen 0.27/turn    (no ring)
MPRegen 0.17/turn    (no ring)
                     (no ring)

%: acrobat
@: no status effects
A: almost no armour, amphibious, 8 rings, camouflage 1, gelatinous body 1,
(nimble swimmer 1), tentacles
a: no special abilities


You were on level 5 of the Dungeon.
You visited 1 branch of the dungeon, and saw 5 of its levels.

You collected 124 gold pieces.

Inventory:

Hand Weapons
 e - a +0 dagger of venom (weapon)
 p - the +2 flail of Moral Flaws {flame, rN+ Dex-2 SInv}
   (You found it on level 2 of the Dungeon)

   Dex-2:     It affects your dexterity (-2).
   rN+:       It protects you from negative energy.
   SInv:      It lets you see invisible.
 z - a +2 heavy trident
Armour
 k - a +0 buckler
 y - an orb of wrath
Jewellery
 h - a ring of magical power (left tentacle)
 o - an amulet of the acrobat (around mantle)
 w - a ring of willpower (right tentacle)
Talismans
 x - a beast talisman
Wands
 u - a wand of roots (6)
Scrolls
 f - a scroll of revelation {unknown}
 i - a scroll of enchant weapon {unknown}
 j - a scroll of butterflies {unknown}
 l - 3 scrolls of identify {unknown}
 m - 2 scrolls of teleportation {unknown}
 n - a scroll of brand weapon {unknown}
 t - a scroll of immolation {unknown}
 v - a scroll of blinking {unknown}
Potions
 a - a potion of magic
 b - 2 potions of heal wounds {unknown}
 c - a potion of mutation {unknown}
 d - a potion of haste {unknown}
 g - 3 potions of curing {unknown}
 q - 2 potions of enlightenment {unknown}
 r - 2 potions of lignification {unknown}
 s - a potion of ambrosia {unknown}


   Skills:
 * Level 2.4 Fighting
 + Level 0.4 Short Blades
 * Level 3.2 Dodging
 + Level 4.8 Stealth
 * Level 2.1 Shields
 + Level 3.1 Spellcasting
 * Level 2.2 Conjurations
 + Level 1.7 Transmutations
 * Level 5.1 Earth Magic
 * Level 2.0 Evocations


You had 2 spell levels left.
You knew the following spells:

 Your Spells              Type           Power      Damage    Failure   Level
a - Sandblast             Erth           40%        2d10      2%          1
b - Passwall              Tmut/Erth      11%        N/A       6%          2
c - Stone Arrow           Conj/Erth      30%        3d8       12%         3
d - Brom's Barrelling Bo  Conj/Erth      15%        2d4       36%         4

Your spell library contained the following spells:

 Spells                   Type           Power      Damage    Failure   Level
 Petrify                  Tmut/Erth      14%        N/A       38%         4


Dungeon Overview and Level Annotations

Branches:
Dungeon (5/15)
 Temple: D:4-7

Altars:
Gozag
Zin

Annotations:
D:3 Sigmund
D:4 Dowan
D:5 Prince Ribbit


Innate Abilities, Weirdness & Mutations

You cannot wear most types of armour.
You are amphibious.
You can wear up to eight rings at the same time.
Your skin changes colour to match your surroundings (Stealth+).
Your rubbery body absorbs attacks. (AC +1, EV +1)
((You are camouflaged when in or above water. (Stealth+)))
You have tentacles for arms and can constrict up to eight enemies at once.


Message History

You hit the orc wizard but do no damage.
The orc wizard is poisoned.
You squeeze the orc wizard.
The orc wizard is almost dead.
You constrict the orc wizard, but do no damage.
You kill the orc wizard!
Unknown command.
Casting: Stone Arrow (dangerous; 12% risk of failure)
Confirm with . or Enter, or press ? or * to list all spells.
Okay, then.
Casting: Stone Arrow (dangerous; 12% risk of failure)
Confirm with . or Enter, or press ? or * to list all spells.
Aiming: Stone Arrow (dangerous; 12% risk of failure)
Press: ? - help, Shift-Dir - straight line The stone arrow hits something!
You hear some strange, mumbled words.
A puff of flame appears from out of thin air!
The puff of flame hits you.
* * * LOW HITPOINT WARNING * * *
Something misses you.
You miss something. Something barely misses you.
Your magical contamination has completely faded away.
You hit something but do no damage. Your squeeze misses something.
Something hits you.
* * * LOW HITPOINT WARNING * * *
You completely miss something. Something completely misses you.
Casting: Stone Arrow (dangerous; 12% risk of failure)
Confirm with . or Enter, or press ? or * to list all spells.
Aiming: Stone Arrow (dangerous; 12% risk of failure)
Press: ? - help, Shift-Dir - straight line Something hits you.
* * * LOW HITPOINT WARNING * * *
Aiming: Fastroot
Press: ? - help, Shift-Dir - straight line The roots erupt in riotous growth!
Roots grab something.
The grasping roots constrict something.
You hear some strange, mumbled words.
A magic dart appears from out of thin air!
The magic dart hits you!
You die...

##### ###....# ##...#
#....#.###
#....#####.......#
##.......#.......###
#.)...............##
#..###)...##.......#
..o######...##.....###
....##...##{...##....#
..... #._..#@.........#
..#. #....#........###
..## #....'.........#
#. #....#......#...#
##.
#._..#..##..#.......
....
#...##..##.##...##$.
.....#####...#..# .....
. .............##..
...F..
#....<.................


There were no monsters in sight!

Vanquished Creatures
  Menkaure (D:5)
  Duvessa (D:4)
  An orc warrior (D:5)
  Blork the orc (D:4)
  A scorpion (D:4)
  A jelly (D:4)
  2 iguanas
  2 orc wizards
  Robin (D:2)
  7 adders
  2 worms (D:3)
  3 dart slugs
  2 orcs (D:3)
  4 ball pythons
  6 bats
  5 endoplasms
  6 giant cockroaches
  12 goblins
  7 hobgoblins
  7 jackals
  2 frilled lizards
  9 kobolds
  8 rats
91 creatures vanquished.

Notes
Turn   | Place    | Note
-------+----------+-------------------------------------------
     0 | D:1      | Ekaitz the Octopode Earth Elementalist began the quest for
                  | the Orb.
     0 | D:1      | Reached XP level 1. HP: 11/11 MP: 3/3
   199 | D:1      | Reached XP level 2. HP: 18/18 MP: 5/5
   327 | D:1      | Learned a level 2 spell: Passwall
   569 | D:1      | Reached XP level 3. HP: 22/22 MP: 6/6
   573 | D:1      | Learned a level 3 spell: Stone Arrow
  1038 | D:1      | Reached skill level 1 in Fighting
  1275 | D:2      | Identified the +2 flail of Moral Flaws {flame, rN+ Dex-2
                  | SInv}
  1642 | D:2      | Reached XP level 4. HP: 28/28 MP: 7/7
  1752 | D:2      | Noticed Robin
  1785 | D:2      | Killed Robin
  2236 | D:3      | Reached XP level 5. HP: 30/33 MP: 8/8
  2296 | D:3      | Reached skill level 1 in Conjurations
  2408 | D:3      | Noticed Sigmund
  2565 | D:3      | Reached skill level 1 in Shields
  2565 | D:3      | Reached skill level 4 in Earth Magic
  3125 | D:4      | Noticed Blork the orc
  3301 | D:4      | Reached XP level 6. HP: 39/39 MP: 10/10
  3306 | D:4      | Learned a level 4 spell: Brom's Barrelling Boulder
  3467 | D:4      | Killed Blork the orc
  3468 | D:4      | Reached skill level 1 in Evocations
  3719 | D:4      | Noticed Duvessa
  3719 | D:4      | Noticed Dowan
  3729 | D:4      | Killed Duvessa
  3730 | D:4      | Reached XP level 7. HP: 41/45 MP: 11/11
  4019 | D:5      | Entered Level 5 of the Dungeon
  4033 | D:5      | Noticed Prince Ribbit
  4040 | D:5      | Found a glowing silver altar of Zin.
  4040 | D:5      | Found an opulent altar of Gozag.
  4040 | D:5      | Noticed Menkaure
  4044 | D:5      | Killed Menkaure
  4069 | D:5      | Reached skill level 5 in Earth Magic
  4202 | D:5      | Killed from afar by an orc wizard

Illustrated notes

Levels and vault maps discovered:
D:1:      roadster_arrival_rocket_small, layout_basic,
          corexii_item_surrounded_by_moat, minmay_ruptured
D:2:      layout_loops_ring, minmay_crystal_room, uniq_robin
D:3:      layout_loops_ring, hex_large, uniq_sigmund
D:4:      layout_rooms, serial_forest, infiniplex_forest_fountain,
          infiniplex_forest_straight_1, infiniplex_forest_straight_5,
          infiniplex_forest_clump_small, infiniplex_forest_clump_curved,
          nicolae_letterblocks [nicolae_letter_subblock,
          nicolae_letter_subblock, nicolae_letter_subblock,
          nicolae_letter_subblock, nicolae_letter_subblock,
          nicolae_letter_subblock, nicolae_letter_subblock,
          nicolae_letter_subblock, nicolae_letter_subblock,
          nicolae_letter_subblock, nicolae_letter_subblock,
          nicolae_letter_subblock, nicolae_letter_subblock,
          nicolae_letter_subblock, nicolae_letter_subblock,
          nicolae_letter_subblock, nicolae_letter_subblock,
          nicolae_letter_subblock, nicolae_letter_subblock,
          nicolae_letter_subblock, nicolae_letter_subblock,
          nicolae_letter_subblock, nicolae_letter_subblock,
          nicolae_letter_subblock, nicolae_letter_subblock], uniq_duvessa,
          uniq_blork_the_orc
D:5:      layout_cave_pools, grunt_temple_overflow_gold_and_silver,
          mainiacjoe_overflow_24_doors, gammafunk_temple_overflow_claw,
          serial_shops, nicolae_shop_rolling_square, uniq_prince_ribbit1,
          uniq_ijyb, uniq_menkaure

Skill      XL: |  1  2  3  4  5  6  7 |
---------------+----------------------+-----
Stealth        | 3 4 |  4.8
Fighting       | 1 2 |  2.4
Conjurations   | 1 2 |  2.2
Shields        | 1 2 |  2.1
Earth Magic    | 4 5 |  5.1
Evocations     | 1 2 |  2.0
Dodging        | 3 |  3.2
Spellcasting   | 3 |  3.1
Short Blades   | |  0.4
Transmutations | |  1.7

Action                     |  1- 3 |  4- 6 |  7- 9 || total
---------------------------+-------+-------+-------++-------
  Melee: Dagger            |    33 |    52 |     8 ||    93
         Tentacles         |     6 |    11 |     2 ||    19
         Constrict         |     7 |    16 |     2 ||    25
         Unarmed           |     1 |       |       ||     1
         Punch             |     1 |       |       ||     1
   Cast: Sandblast         |    21 |    23 |     2 ||    46
         Passwall          |     9 |     8 |       ||    17
         Stone Arrow       |       |    11 |    11 ||    22
  Evoke: Wand              |       |     2 |     1 ||     3
   Stab: Sleeping          |    12 |    12 |       ||    24
 Armour: Skin              |    19 |    28 |    15 ||    62
  Dodge: Dodged            |    21 |    22 |     8 ||    51

Table legend: (Time is in decaauts)
 A = Elapsed time spent in this place.
 B = Non-inter-level travel time spent in this place.
 C = Inter-level travel time spent in this place.
 D = Time resting spent in this place.
 E = Time spent auto-exploring this place.
 F = Levels seen in this place.
 G = Mean time per level.
                   A        B        C        D        E       F      G
               +--------+--------+--------+--------+--------+-----+--------+
         Total |   4223 |   4082 |    141 |    268 |   2993 |   5 |  844.6 |
       Dungeon |   4223 |   4082 |    141 |    268 |   2993 |   5 |  844.6 |
               +--------+--------+--------+--------+--------+-----+--------+

Top non-repeatable levels by time:
     D:3: 1177 daAuts
     D:1: 1167 daAuts
     D:2: 931 daAuts
     D:4: 762 daAuts
     D:5: 183 daAuts
